 Dungeon Crawl Stone Soup version 0.24.0-13-gcf9b3192b9 (webtiles) character file.

Game seed: 13018309920166248409, levelgen mode: deterministic

197623 Delamore the Executioner (level 18, -12/153 HPs)
             Began as a Hill Orc Fighter on Nov 8, 2019.
             Was the Champion of Qazlal.
             Mangled by a deep troll (20 damage)
             ... on level 1 of the Depths on Nov 9, 2019.
             The game lasted 02:45:20 (33065 turns).

Delamore the Executioner (Hill Orc Fighter)        Turns: 33065, Time: 02:45:21

Health: -12/153    AC: 28    Str: 25    XL:     18   Next: 41%
Magic:  0/27       EV: 13    Int:  8    God:    Qazlal [******]
Gold:   1597       SH:  8    Dex: 12    Spells: 17/17 levels left

rFire    + + .     SeeInvis +   C - +5 battleaxe (vamp)
rCold    + + .     Gourm    .   (shield currently unavailable)
rNeg     . . .     Faith    .   X - +1 plate armour {rF+}
rPois    +         Spirit   +   v - +1 helmet
rElec    .         Reflect  .   o - scarf {rC+ rF+}
rCorr    .         Harm     .   y - +0 pair of gloves of Somu {rPois SInv}
MR       ++...                  F - +1 pair of boots
Stlth    ..........             d - amulet of guardian spirit
HPRegen  0.35/turn              D - ring of protection from cold
MPRegen  0.20/turn              T - ring of protection from magic

@: protected from physical damage, repel missiles
A: thin metallic scales 1, frail 1, MP-powered wands
}: 1/15 runes: serpentine
a: Upheaval, Elemental Force, Disaster Area, Renounce Religion


You were on level 1 of the Depths.
You worshipped Qazlal.
Qazlal was exalted by your worship.
You were hungry.

You visited 5 branches of the dungeon, and saw 28 of its levels.
You also visited: Gauntlet.

You collected 2749 gold pieces.
You spent 1152 gold pieces at shops.

Inventory:

Hand Weapons
 B - a +2 dire flail of protection
 C - a +5 vampiric battleaxe (weapon)
 W - a +1 battleaxe of electrocution
Missiles
 O - 2 throwing nets (quivered)
Armour
 o - a scarf of resistance (worn)
 v - a +1 helmet (worn)
 w - the +4 ring mail of Greater Demons {rN+ rCorr Str+7 Stlth-}
   (You found it on level 5 of the Dungeon)

   It affects your strength (+7).
   It protects you from negative energy.
   It provides partial protection from all sources of acid and corrosion.
   It makes you less stealthy.
 y - the +0 pair of gloves of Somu (worn) {rPois SInv}
   (You acquired it on level 11 of the Dungeon)

   It protects you from poison.
   It lets you see invisible.
 F - a +1 pair of boots (worn)
 L - +0 ice dragon scales
 X - a +1 plate armour of fire resistance (worn)
Jewellery
 d - an amulet of guardian spirit (around neck)
 g - an uncursed ring of positive energy
 n - a cursed ring of protection from fire
 D - a ring of protection from cold (left hand)
 E - an uncursed ring of protection from fire
 Q - an uncursed ring of resist corrosion
 T - a ring of protection from magic (right hand)
Wands
 k - a wand of digging (11)
 m - a wand of polymorph (12)
 A - a wand of clouds (9)
 G - a wand of scattershot (3)
 H - a wand of flame (10)
 M - a wand of paralysis (13)
 S - a wand of iceblast (12)
 Y - a wand of disintegration (4)
Scrolls
 a - 4 scrolls of fear
 e - 7 scrolls of identify
 h - 9 scrolls of enchant armour
 l - 3 scrolls of teleportation
 p - 8 scrolls of remove curse
 s - 4 scrolls of fog
 K - a scroll of brand weapon
 N - 2 scrolls of magic mapping
 R - 2 scrolls of blinking
 U - 6 scrolls of enchant weapon
 Z - 4 scrolls of holy word
Potions
 b - a potion of berserk rage
 c - a potion of cancellation {unknown}
 i - 2 potions of agility
 q - 3 potions of resistance
 r - a potion of ambrosia
 t - 9 potions of curing
 x - 5 potions of haste
 z - 3 potions of heal wounds
 P - 2 potions of flight
 V - a potion of might
Miscellaneous
 j - a phial of floods
 I - a fan of gales
 J - 2 sacks of spiders
Comestibles
 f - 47 rations
 u - 15 chunks of flesh


   Skills:
 + Level 17.5 Fighting
 - Level 24.0 Axes
 - Level 0.1 Throwing
 + Level 13.4 Armour
 * Level 11.4 Dodging
 - Level 0.2 Stealth
   Level 3.2 Shields
 - Level 13.0 Invocations


You had 17 spell levels left.
You didn't know any spells.
Your spell library contained the following spells:

 Spells                   Type           Power        Failure   Level  Hunger
 Flame Tongue             Conj/Fire      #....        98%         1    ##.....
 Sandblast                Erth           #.....       98%         1    ##.....
 Sting                    Conj/Pois      #...         98%         1    ##.....
 Corpse Rot               Necr           N/A          99%         2    ###....
 Passwall                 Tmut/Erth      #.......     99%         2    ###....
 Poisonous Vapours        Pois/Air       #.....       99%         2    ###....
 Sublimation of Blood     Necr           #.........   99%         2    ###....
 Swiftness                Chrm/Air       #.......     99%         2    ###....
 Conjure Flame            Conj/Fire      #.......     100%        3    ####...
 Mephitic Cloud           Conj/Pois/Air  #.......     100%        3    ####...
 Static Discharge         Conj/Air       #.......     100%        3    ####...
 Stone Arrow              Conj/Erth      #.....       100%        3    ####...
 Cause Fear               Hex            #.........   100%        4    #####..
 Olgreb's Toxic Radiance  Pois           #.......     100%        4    #####..
 Passage of Golubria      Tloc           N/A          100%        4    #####..
 Petrify                  Tmut/Erth      #.......     100%        4    #####..
 Agony                    Necr           #.......     100%        5    ######.
 Bolt of Draining         Conj/Necr      #.........   100%        5    ######.
 Dispel Undead            Necr           #.......     100%        5    ######.
 Excruciating Wounds      Chrm/Necr      #.........   100%        5    ######.
 Lee's Rapid Deconstruct  Erth           #.........   100%        5    ######.
 Lightning Bolt           Conj/Air       #.........   100%        5    ######.
 Venom Bolt               Conj/Pois      #.........   100%        5    ######.
 Bolt of Fire             Conj/Fire      #.........   100%        6    #######
 Conjure Ball Lightning   Conj/Air       #.........   100%        6    #######
 Darkness                 Hex            #.........   100%        6    #######
 Freezing Cloud           Conj/Ice/Air   #.........   100%        6    #######
 Invisibility             Hex            #.......     100%        6    #######
 Dragon Form              Tmut           #.........   100%        7    #######
 Ring of Flames           Chrm/Fire      #.........   100%        7    #######
 Dragon's Call            Summ           #.........   100%        9    #######


Dungeon Overview and Level Annotations

Branches:
Dungeon (15/15) Temple (0/1) D:6 Lair (6/6) D:10 Shoals (0/4) Lair:4 Snake (4/4) Lair:4 Slime (0/5) Lair:5 Orc (2/2) D:11 Elf (0/3) Orc:1 Orc:2 Vaults (0/5) D:13 Depths (1/5) D:15 Gauntlet (visited)

Altars:
Ashenzari
Cheibriados
Fedhas
Gozag
Nemelex Xobeh
Qazlal
Trog
Wu Jian
Xom
The Shining One
Beogh
Jiyva

Shops:
D:11 [   D:14 (   D:15 %   Orc:2 ((?(   Depths:1 %

Annotations:
Lair:4 3 runed translucent doors, FortyThree's ghost, journeyman MiBe; Laummuim's ghost, journeyman FeFi; jt's ghost, journeyman DDWz; ponobo's ghost, journeyman DrCj
Lair:5 1 runed translucent door


Innate Abilities, Weirdness & Mutations

You are partially covered in thin metallic scales. (AC +2)
You are frail. (-10% HP)
You expend magic power (3 MP) to strengthen your wands.


Message History

The deep troll claws you but does no damage.
The deep troll completely misses you. You block the deep troll's attack.
The deep troll barely misses you. The deep troll misses you.
The deep troll is engulfed in blazing flames.
The deep troll bites you but does no damage.
The deep troll claws you but does no damage. x2
The deep troll bites you!!
* * * LOW HITPOINT WARNING * * *
You feel more protected from physical attacks.
The deep troll completely misses you. x2
There are monsters nearby!
You feel much better. The deep troll bites you.
* * * LOW HITPOINT WARNING * * *
You block the deep troll's attack.
The deep troll claws you but does no damage.
The deep troll barely misses you. x2; The deep troll claws you!!
* * * LOW HITPOINT WARNING * * *
You feel more protected from physical attacks.
The deep troll bites you!!
You die...

#.# ##.# ##. #.# #####
#.. #.# #...#####.. #.#
#.......... #.#
###..........
#.###............
#.☼..............
#.#####°°†...).........
#.....@T...T...........
#####..T°..T...........
#.§○○..............
###.°..............
##..........###(.
##..###...## ##. ####
##### ##


You could see 3 deep trolls and a deep troll shaman.

Vanquished Creatures
  Saint Roka (D:11)
  Jorgrun (Snake:2)
  A lich (Depths:1)
  10 nagarajas
  A juggernaut skeleton (Depths:1)
  2 stone giants (Depths:1)
  Azrael (Snake:2)
  The ghost of Mebb the Imperceptible, a journeyman SpEn of Gozag (D:13)
  A minotaur (Gauntlet)
  2 ettins (Depths:1)
  2 fire dragons
  9 naga warriors
  An ice dragon (Depths:1)
  A vault guard (D:13)
  A rakshasa (Depths:1)
  The ghost of yogakurto the Blocker, a journeyman DrMo of Ru (Orc:1)
  4 centaur warriors
  Harold (D:9)
  3 two-headed ogres
  8 hydras
  An ogre mage (Depths:1)
  3 deep troll shamans (Depths:1)
  19 anacondas
  5 death yaks
  A deep troll earth mage (Depths:1)
  4 orc high priests
  6 shock serpents
  8 naga sharpshooters
  Nergalle (Lair:1)
  2 skeletal warriors (D:15)
  3 iron trolls (Depths:1)
  3 salamander mystics
  7 deep trolls (Depths:1)
  An unseen horror (D:15)
  2 lindwurms (Lair:6)
  An orc knight (D:11)
  9 naga ritualists
  A tengu zombie (Depths:1)
  A wolf spider zombie (D:15)
  13 mana vipers
  2 necromancers
  3 oklob plants (Lair:1)
  16 ugly things
  3 manticores
  4 orc sorcerers
  4 cyclopes
  A deep elf mage (D:15)
  9 salamanders
  5 centaur zombies
  41 black mambas
  2 guardian serpents
  2 molten gargoyles (Lair:6)
  18 naga magi
  Joseph (D:8)
  A torpor snail (Lair:3)
  6 spiny frogs
  2 gargoyles
  A spectral redback (D:13)
  12 komodo dragons
  4 centaur skeletons
  A rime drake (Lair:2)
  An efreet (D:15)
  A yaktaur (Depths:1)
  A spectral harpy (D:13)
  4 meliai
  6 trolls
  2 polar bears
  A merfolk (D:11)
  2 hornets
  A queen bee (shapeshifter) (Depths:1)
  25 blink frogs
  8 hippogriffs
  6 slime creatures (D:12)
  A stone giant simulacrum (Depths:1)
  4 centaur simulacra
  A spriggan simulacrum (Depths:1)
  A vampire (D:10)
  2 wraiths
  A shadow (D:12)
  6 wyverns
  45 yaks
  A fire elemental (Snake:2)
  3 basilisks
  6 hungry ghosts
  3 chaos spawn (Gauntlet)
  5 vampire mosquitoes
  A neqoxec (Gauntlet)
  3 wargs
  A soldier ant (D:13)
  63 nagas
  A hydra simulacrum (Gauntlet)
  7 hell hounds
  6 porcupines
  13 water moccasins
  3 meliai simulacra
  A black bear (D:8)
  4 sky beasts
  3 ice beasts
  20 orc warriors
  3 phantoms
  3 necrophages
  13 ogres
  26 centaurs
  6 wolves
  13 crocodiles
  7 big kobolds
  18 bullfrogs
  A wyvern skeleton (D:9)
  5 scorpions
  A scorpion (shapeshifter) (D:13)
  A hornet simulacrum (Gauntlet)
  A spectral ogre (Orc:1)
  11 killer bees
  23 wights
  2 electric eels
  4 howler monkeys
  5 lava snakes (Lair:6)
  8 crimson imps
  7 jellies
  2 quasits (D:8)
  A wyvern simulacrum (Gauntlet)
  A bullfrog zombie (D:9)
  6 hounds
  33 orc priests
  3 bullfrog skeletons
  33 orc wizards
  5 iguanas
  3 spectral orcs (Orc:1)
  9 worker ants
  A killer bee zombie (D:5)
  3 bullfrog simulacra (Gauntlet)
  2 hound zombies
  A howler monkey zombie (D:9)
  17 adders
  An ogre simulacrum (Orc:1)
  2 shadow imps
  4 orc simulacra (Orc:1)
  An adder zombie (D:5)
  2 adder skeletons
  5 worms
  A dart slug (D:4)
  4 leopard geckos
  89 orcs
  A ball python (D:4)
  7 giant cockroaches
  6 goblins
  4 hobgoblins
  12 jackals
  5 quokkas
  9 bats
  3 frilled lizards
  2 jackal skeletons (D:5)
  23 kobolds
  4 rats
  A fungus (Lair:5)
  2 plants (Lair:1)
1010 creatures vanquished.

Vanquished Creatures (collateral kills)
  A black mamba (Lair:1)
1 creature vanquished.

Vanquished Creatures (others)
  A skeletal warrior (D:15)
  A naga (Snake:4)
  An orc priest (Orc:2)
  An orc wizard (Orc:2)
  An orc (Orc:2)
  12 demonic plants (Gauntlet)
  8 fungi
  4 plants
29 creatures vanquished.

Grand Total: 1040 creatures vanquished

Notes
Turn   | Place    | Note
-------+----------+-------------------------------------------
     0 | D:1      | Delamore the Hill Orc Fighter began the quest for the Orb.
     0 | D:1      | Reached XP level 1. HP: 19/19 MP: 1/1
   123 | D:1      | Reached skill level 3 in Axes
   315 | D:1      | Reached XP level 2. HP: 26/26 MP: 2/2
   464 | D:1      | Reached skill level 4 in Axes
   755 | D:2      | Reached XP level 3. HP: 28/31 MP: 3/3
   786 | D:2      | Found a bloodstained altar of Trog.
   786 | D:2      | Found a stormy altar of Qazlal.
   787 | D:2      | Found a glowing golden altar of the Shining One.
   872 | D:2      | Became a worshipper of Qazlal Stormbringer
  1200 | D:2      | Found a faded altar of an unknown god.
  1309 | D:2      | Found a shattered altar of Ashenzari.
  1347 | D:2      | Reached skill level 1 in Dodging
  1413 | D:2      | Reached skill level 5 in Axes
  1562 | D:2      | Reached XP level 4. HP: 37/39 MP: 4/4
  1730 | D:3      | You fall into a shaft and drop 3 floors!
  1876 | D:5      | Entered Level 5 of the Dungeon
  1902 | D:5      | Got a fine ring mail
  1913 | D:5      | Identified the +4 ring mail of Greater Demons {rN+ rCorr
                  | Str+7 Stlth-} (You found it on level 5 of the Dungeon)
  1953 | D:5      | Noticed a necrophage
  1974 | D:5      | Reached skill level 6 in Axes
  1974 | D:5      | Reached XP level 5. HP: 20/45 MP: 5/5
  1980 | D:5      | Killed a necrophage
  1980 | D:5      | Reached skill level 7 in Axes
  1980 | D:5      | Reached XP level 6. HP: 15/51 MP: 6/6
  1986 | D:5      | Found a shimmering altar of Xom.
  1989 | D:5      | Reached skill level 8 in Axes
  1989 | D:5      | HP: 1/51 [orc wizard/magic dart (5)]
  2002 | D:5      | Reached * piety under Qazlal
  2313 | D:5      | Reached skill level 9 in Axes
  2313 | D:5      | Reached XP level 7. HP: 47/57 MP: 7/7
  2760 | D:3      | Reached ** piety under Qazlal
  2879 | D:3      | Found an ornate altar of the Wu Jian Council.
  2917 | D:3      | Reached skill level 10 in Axes
  3418 | D:4      | You fall into a shaft and drop 2 floors!
  3479 | D:6      | Reached skill level 11 in Axes
  3494 | D:5      | Reached XP level 8. HP: 60/64 MP: 8/8
  3714 | D:5      | Reached *** piety under Qazlal
  3823 | D:5      | Reached skill level 12 in Axes
  3845 | D:5      | Got a scorched ring mail
  3846 | D:5      | Identified the +0 ring mail "Qexeph" {*Corrode Int+6 Dex+8}
                  | (You found it on level 5 of the Dungeon)
  4220 | D:6      | Reached skill level 13 in Axes
  4224 | D:6      | Found a staircase to the Ecumenical Temple.
  4289 | D:6      | Got a crude great sword
  4302 | D:6      | Identified the +8 great sword of the Valley of Death
                  | {protect, *Corrode Dex+7} (You found it on level 6 of the
                  | Dungeon)
  4552 | D:6      | Reached XP level 9. HP: 70/70 MP: 9/9
  4750 | D:7      | Reached skill level 14 in Axes
  5322 | D:8      | Reached skill level 5 in Fighting
  5322 | D:8      | Reached skill level 15 in Axes
  5360 | D:8      | Reached **** piety under Qazlal
  5378 | D:8      | Noticed Joseph
  5393 | D:8      | Killed Joseph
  5461 | D:8      | Reached XP level 10. HP: 83/83 MP: 10/10
  5473 | D:8      | Got a polished ring mail
  5555 | D:8      | Reached skill level 16 in Axes
  5601 | D:8      | Identified the +1 ring mail of Etiugaic {Regen+ Dex+4} (You
                  | found it on level 8 of the Dungeon)
  5652 | D:8      | Gained mutation: You are weak. (Str -2) [potion of
                  | mutation]
  5652 | D:8      | Gained mutation: You are frail. (-10% HP) [potion of
                  | mutation]
  5652 | D:8      | Gained mutation: You are partially covered in slimy green
                  | scales. (AC +2) [potion of mutation]
  5720 | D:8      | Got a silken robe
  5935 | D:9      | Reached ***** piety under Qazlal
  5948 | D:9      | Noticed Harold
  5967 | D:9      | Killed Harold
  5991 | D:9      | Reached skill level 17 in Axes
  5997 | D:9      | Noticed a two-headed ogre
  6259 | D:9      | Reached XP level 11. HP: 76/85 MP: 11/11
  6323 | D:9      | Reached skill level 18 in Axes
  6329 | D:9      | Killed a two-headed ogre
  6548 | D:9      | Noticed an eight-headed hydra
  6556 | D:9      | Killed an eight-headed hydra
  6568 | D:9      | Noticed a two-headed ogre
  6575 | D:9      | Killed a two-headed ogre
  6780 | D:9      | Found an opulent altar of Gozag.
  6937 | D:10     | Entered Level 10 of the Dungeon
  7028 | D:10     | Reached skill level 10 in Fighting
  7082 | D:10     | Reached skill level 19 in Axes
  7107 | D:10     | Found a sparkling altar of Nemelex Xobeh.
  7120 | D:10     | Found a staircase to the Lair.
  7191 | D:10     | Paralysed by a centaur for 3 turns
  7781 | D:11     | Noticed a manticore
  7823 | D:10     | Reached ****** piety under Qazlal
  7852 | Lair:1   | Entered Level 1 of the Lair of Beasts
  7890 | Lair:1   | Noticed a five-headed hydra
  8100 | D:10     | Identified the cursed +1 robe "Hoxt" {+Blink Int+4} (You
                  | found it on level 8 of the Dungeon)
  8297 | Lair:1   | Killed a five-headed hydra
  8297 | Lair:1   | Reached XP level 12. HP: 61/97 MP: 2/12
  8594 | Lair:1   | Found a blossoming altar of Fedhas.
  8606 | Lair:1   | Noticed Nergalle
  8611 | Lair:1   | Killed Nergalle
  8616 | Lair:1   | Reached skill level 5 in Armour
  8813 | Lair:1   | Reached skill level 20 in Axes
 10740 | Lair:3   | Reached XP level 13. HP: 106/106 MP: 11/13
 11035 | Lair:3   | Reached skill level 21 in Axes
 11578 | Lair:3   | Lost mutation: You are partially covered in slimy green
                  | scales. (AC +2) [potion of mutation]
 11578 | Lair:3   | Lost mutation: You are weak. (Str -2) [potion of mutation]
 11578 | Lair:3   | Lost mutation: You are frail. (-10% HP) [potion of
                  | mutation]
 11578 | Lair:3   | Gained mutation: You expend magic power (3 MP) to
                  | strengthen your wands. [potion of mutation]
 11578 | Lair:3   | Gained mutation: You are frail. (-10% HP) [potion of
                  | mutation]
 11578 | Lair:3   | Gained mutation: You are partially covered in thin metallic
                  | scales. (AC +2) [potion of mutation]
 11599 | Lair:3   | Reached skill level 1 in Invocations
 12017 | Lair:4   | Got a transparent leather armour
 12272 | Lair:3   | Identified the +2 leather armour of Incorporation {rPois
                  | rC+ Regen+ rCorr} (You found it on level 4 of the Lair of
                  | Beasts)
 12447 | Lair:4   | Found a staircase to the Snake Pit.
 12475 | Lair:4   | Found a runed translucent gate.
 12475 | Lair:4   | Found a runed translucent gate.
 12475 | Lair:4   | Found a runed translucent gate.
 12475 | Lair:4   | Noticed ponobo's ghost (journeyman DrCj)
 12475 | Lair:4   | Noticed FortyThree's ghost (journeyman MiBe)
 12475 | Lair:4   | Noticed jt's ghost (journeyman DDWz)
 12475 | Lair:4   | Noticed Laummuim's ghost (journeyman FeFi)
 12742 | Lair:4   | Found a staircase to the Shoals.
 12912 | Lair:5   | Reached skill level 5 in Invocations
 12967 | Lair:5   | Found a runed translucent door.
 12967 | Lair:5   | Found a viscous altar of Jiyva.
 12967 | Lair:5   | Noticed an acid blob
 12969 | Lair:5   | Noticed an acid blob
 12971 | Lair:5   | Found a staircase to the Slime Pits.
 13610 | Lair:5   | Got a faintly humming ring mail
 13988 | Lair:5   | Identified the +1 ring mail of Nuduckuna {Str+2} (You found
                  | it on level 5 of the Lair of Beasts)
 13993 | Lair:6   | Entered Level 6 of the Lair of Beasts
 14031 | Lair:6   | Reached skill level 10 in Armour
 14616 | Lair:6   | Reached XP level 14. HP: 78/114 MP: 13/19
 15043 | Lair:6   | Reached skill level 22 in Axes
 15100 | Lair:6   | Found a large runed translucent door.
 15101 | Lair:6   | Found a large runed translucent door.
 16330 | D:11     | Found Jupn's Armour Boutique.
 16335 | D:11     | Found a staircase to the Orcish Mines.
 17397 | D:12     | Reached skill level 10 in Invocations
 17705 | D:13     | Found a gate leading to a gauntlet.
 17713 | Gauntlet | Entered a Gauntlet
 17713 | Gauntlet | Found a transporter.
 17726 | Gauntlet | Found a transporter.
 17728 | Gauntlet | Found a transporter.
 17742 | Gauntlet | Found a transporter.
 17758 | Gauntlet | Found a transporter.
 17766 | Gauntlet | Found a transporter.
 17784 | Gauntlet | Found a transporter.
 17804 | Gauntlet | Found a transporter.
 17816 | Gauntlet | Found a transporter.
 17838 | Gauntlet | Found a transporter.
 17844 | Gauntlet | Found a transporter.
 17862 | Gauntlet | Found a transporter.
 17870 | Gauntlet | Found a transporter.
 17888 | Gauntlet | Found a transporter.
 17910 | Gauntlet | Found a transporter.
 17928 | Gauntlet | Found a transporter.
 17968 | Gauntlet | Found a transporter.
 17970 | Gauntlet | Found a transporter.
 18150 | Gauntlet | Got a polished hat
 18152 | Gauntlet | Got an ancient lead ring
 18158 | Gauntlet | Identified the ring of Cetsoz {Ice Dex+2 Stlth+} (You found
                  | it in a Gauntlet)
 18159 | Gauntlet | Identified the +2 hat "Heatapn" {*Drain +Inv Str+4} (You
                  | found it in a Gauntlet)
 18244 | Gauntlet | Identified the cursed +0 shortbow of Delamore's Anguish
                  | {velocity, Str-4 Int+2 SInv}
 18278 | Gauntlet | Identified the Incunabulum of Flight
 18423 | D:13     | Found a gate to the Vaults.
 18446 | D:13     | Found a runed translucent gate.
 18446 | D:13     | Found a runed translucent gate.
 18447 | D:13     | Noticed Mebb's ghost (journeyman SpEn)
 18448 | D:13     | Found a runed translucent gate.
 18589 | D:13     | Killed Mebb's ghost
 18886 | D:13     | Got a slimy leather armour
 18892 | D:13     | Identified the +3 leather armour of Fedhas's Delight
                  | {rElec} (You found it on level 13 of the Dungeon)
 19326 | D:13     | Found a roughly hewn altar of Beogh.
 19533 | Orc:1    | Entered Level 1 of the Orcish Mines
 19587 | Orc:1    | Found a runed translucent gate.
 19587 | Orc:1    | Found a runed translucent gate.
 19587 | Orc:1    | Found a runed translucent gate.
 19587 | Orc:1    | Noticed yogakurto's ghost (journeyman DrMo)
 19609 | Orc:1    | Killed yogakurto's ghost
 19609 | Orc:1    | Reached XP level 15. HP: 117/123 MP: 21/23
 19955 | Orc:2    | Entered Level 2 of the Orcish Mines
 20003 | Orc:2    | Found a staircase to the Elven Halls.
 20003 | Orc:2    | Noticed Saint Roka
 20420 | Orc:2    | Reached skill level 23 in Axes
 23021 | Orc:2    | Found Moppeshrolul's Antique Weapon Shop.
 23021 | Orc:2    | Found Jujatav's Weapon Boutique.
 23022 | Orc:2    | Found Koeresso's Magic Scroll Boutique.
 23025 | Orc:2    | Found Qyxza's Antique Weapon Shop.
 23032 | Orc:2    | Bought a throwing net for 42 gold pieces
 23034 | Orc:2    | Bought a scroll of magic mapping for 49 gold pieces
 23034 | Orc:2    | Bought a scroll of identify for 28 gold pieces
 23034 | Orc:2    | Bought a scroll of acquirement for 728 gold pieces
 23034 | Orc:2    | Bought a scroll of identify for 28 gold pieces
 23034 | Orc:2    | Bought a scroll of blinking for 105 gold pieces
 23034 | Orc:2    | Bought a scroll of blinking for 105 gold pieces
 24711 | D:14     | Found Uclanwuj's Weapon Boutique.
 25202 | D:15     | Entered Level 15 of the Dungeon
 25759 | D:15     | Found Nipiuh's Food Shoppe.
 26068 | D:15     | Found a staircase to the Depths.
 26499 | D:11     | HP: 4/125 [Saint Roka/+1 dire flail of draining (5)]
 26502 | D:11     | Killed Saint Roka
 26872 | D:11     | Bought a +0 pair of gloves for 67 gold pieces
 26878 | D:11     | Got a pair of heavily runed gloves
 26889 | D:11     | Identified the +0 pair of gloves of Somu {rPois SInv} (You
                  | acquired it on level 11 of the Dungeon)
 27010 | Snake:1  | Entered Level 1 of the Snake Pit
 27150 | Snake:1  | Reached XP level 16. HP: 132/132 MP: 13/25
 27271 | Snake:1  | Reached skill level 24 in Axes
 27364 | Snake:1  | Reached skill level 15 in Fighting
 27455 | Snake:1  | Found the +6 Majin-Bo {vamp, Archmagi MP+6 Int+6}
 27896 | Snake:2  | Noticed Azrael
 27918 | Snake:2  | Killed Azrael
 27987 | Snake:2  | Reached skill level 5 in Dodging
 28459 | Snake:2  | Noticed Jorgrun
 28482 | Snake:2  | Killed Jorgrun
 28919 | Snake:2  | Noticed a nagaraja
 28926 | Snake:2  | Killed a nagaraja
 29033 | Snake:2  | Got an encrusted great sword
 29803 | Snake:3  | Found a snail-covered altar of Cheibriados.
 29873 | Snake:3  | Reached XP level 17. HP: 142/142 MP: 2/26
 30505 | Snake:4  | Entered Level 4 of the Snake Pit
 31746 | Snake:4  | Reached skill level 10 in Dodging
 32071 | Snake:4  | Got a serpentine rune of Zot
 32534 | Depths:1 | Entered Level 1 of the Depths
 32588 | Depths:1 | Reached XP level 18. HP: 145/152 MP: 17/27
 32819 | Depths:1 | Found Jeschur's Food Shop.
 32861 | Depths:1 | Noticed a lich
 32885 | Depths:1 | Noticed a Brimstone Fiend
 32886 | Depths:1 | Killed a lich
 33065 | Depths:1 | Mangled by a deep troll

Levels and vault maps discovered:
D:1:      minmay_arrival_nine_rooms, layout_loops_ring
D:2:      layout_loops_ring, chequers_temple_overflow_statue_of_worship,
          chequers_ecumenical_altar_simple_redux, first_ration,
          ashenzari_altar_1
D:3:      layout_rooms, lemuel_coloured_pillars_altar
D:4:      layout_loops_ring, hangedman_decor_slide_cut
D:5:      layout_rooms, led_xom_imps
D:6:      layout_loops_cross, minmay_temple_entry_proselytizer,
          kennysheep_decorative_pillar
D:7:      layout_basic
D:8:      layout_rooms, uniq_joseph
D:9:      layout_basic, kennysheep_mini, uniq_harold
D:10:     layout_loops_ring, lair_entry_dummy, basic_altar
D:11:     layout_cave_pools, orc_david_3, hangedman_fish_farm, minivault_5,
          lightli_fourway_metalbox
D:12:     layout_basic
D:13:     layout_basic, david_vaults_5, gammafunk_ghost_necromancy,
          gauntlet_entry_generic, david_defended_altar_orc
D:14:     layout_long_grid, serial_bayou_shore_b, serial_shops, shop,
          minmay_unpleasant_kobolds
D:15:     grunt_enter_depths_magical_seal, layout_irregular_city, serial_shops,
          nicolae_shop_stone, chequers_serial_rivers_micro_d
Lair:1:   layout_cave_pods, basic_altar, hibernation_bobbens,
          minmay_lair_oklob_chamber, infiniplex_staircase_pool, uniq_nergalle
Lair:2:   layout_chaotic_city, grunt_megastairs_4
Lair:3:   layout_hall_layers, grunt_megastairs_1
Lair:4:   layout_gridlike, minmay_shoals_entry_beasts,
          minmay_snake_entry_guardpost_small, gammafunk_ghost_cemetery,
          chequers_serial_rivers_micro_b, grunt_megastairs_3
Lair:5:   layout_layer_cave, slime_altar_2, serial_bayou_shore_b,
          serial_bayou_shore_a
Lair:6:   cheibrodos_lair_end_hotspot, layout_hall_layers
Snake:1:  layout_onion
Snake:2:  layout_basic, uniq_jorgrun, uniq_azrael
Snake:3:  layout_gridlike, basic_altar
Snake:4:  minmay_snake_end_coiled, layout_cave_town
Orc:1:    layout_caves, gammafunk_ghost_necromancy
Orc:2:    st_orc_mages, layout_caves, uniq_saint_roka
Depths:1: layout_cave_shapes, grunt_hell_entry_dis_grunt, abyss_entry,
          minmay_crystal_box, minmay_shop_star, infiniplex_staircase_pool_lava

Skill      XL: |  1  2  3  4  5  6  7  8  9 10 11 12 13 14 15 16 17 18 |
---------------+-------------------------------------------------------+-----
Axes           | 3 4 5 6 7 9 11 13 15 17 19 20 21 22 23 24 | 24.0
Dodging        | 1 4 8 10 11 | 11.4
Fighting       | 6 8 10 12 13 14 16 17 | 17.5
Armour         | 8 10 11 12 13 | 13.4
Invocations    | 6 11 13 | 13.0
Throwing       | |  0.1
Stealth        | |  0.2
Shields        | |  3.2

Action                   |  1- 3 |  4- 6 |  7- 9 | 10-12 | 13-15 | 16-18 || total
-------------------------+-------+-------+-------+-------+-------+-------++-------
Melee: War axe           |   130 |    68 |   400 |   298 |       |       ||   896
       Dire flail        |       |       |       |    10 |    42 |       ||    52
       Battleaxe         |       |       |       |   135 |  1028 |   939 ||  2102
Throw: Dart              |       |     3 |     1 |     4 |     5 |       ||    13
       Javelin           |       |       |    19 |    17 |    26 |       ||    62
       Throwing net      |       |       |       |       |       |     1 ||     1
Invok: Elemental Force   |       |       |       |     1 |     2 |       ||     3
Evoke: Wand              |       |       |       |     9 |    13 |     1 ||    23
       Phial of floods   |       |       |       |       |       |     1 ||     1
  Use: Potion            |       |     3 |       |     2 |     6 |     1 ||    12
       Scroll            |       |       |     8 |    17 |    19 |     4 ||    48
  Eat: Chunk             |     2 |       |    10 |    16 |    36 |     9 ||    73
       Ration            |       |     1 |       |     1 |     6 |     3 ||    11
Armor: Scale mail        |    67 |     9 |       |       |       |       ||    76
       Ring mail         |       |    16 |    91 |   109 |   419 |       ||   635
       Plate armour      |       |       |       |       |    21 |   427 ||   448
Dodge: Dodged            |    49 |    19 |    90 |   103 |   387 |   358 ||  1006
       Deflected         |       |       |     2 |    14 |    43 |    56 ||   115
Block: Shield            |    89 |    41 |   258 |   209 |       |       ||   597
       Other             |       |       |       |    39 |   347 |   301 ||   687
